 Dungeon Crawl Stone Soup version 0.27.1-33-g824d729ab1 (webtiles) character file.

Game seed: 7366873798996869192

1514 solopath the Geomancer (level 9, -1/57 HPs)
             Began as a Formicid Earth Elementalist on Nov 29, 2021.
             Was a Follower of Dithmenos.
             Slain by a water moccasin (3 damage)
             ... while petrified by a basilisk
             ... on level 8 of the Dungeon.
             The game lasted 00:12:10 (7853 turns).

solopath the Geomancer (FoEE)                       Turns: 7853, Time: 00:12:11

Health: -1/57      AC:  4    Str: 14    XL:     9   Next: 9%
Magic:  8/13       EV:  2    Int: 17    God:    Dithmenos [*.....]
Gold:   264        SH:  0    Dex: 11    Spells: 7/14 levels left

rFire    . . .     SeeInvis +   g - +1 short sword (speed)
rCold    . . .     Faith    .   (no shield)
rNeg     + + +     Spirit   .   b - +0 robe
rPois    ∞         Reflect  .   (helmet unavailable)
rElec    .         Harm     .   (no cloak)
rCorr    .         Rampage  .   i - +0 pair of gloves
Will     .....                  r - +0 pair of boots
Stlth    +++.......             (no amulet)
HPRegen  0.19/turn              t - ring of wizardry
MPRegen  0.13/turn              (no ring)

@: petrified, wreathed by umbra
A: permanent stasis, dig shafts and tunnels, antennae 3, four strong arms
a: Dig, Shaft Self, Renounce Religion


You were on level 8 of the Dungeon.
You worshipped Dithmenos.
Dithmenos was aware of your devotion.
You visited 1 branch of the dungeon, and saw 7 of its levels.

You collected 264 gold pieces.

Inventory:

Hand Weapons
 a - a +0 short sword
 g - a +1 short sword of speed (weapon)
 x - a +0 falchion
Missiles
 c - 67 stones
Armour
 b - a +0 robe (worn)
 i - a +0 pair of gloves (worn)
 r - a +0 pair of boots (worn)
 C - the +18 shield of the Gong {rElec rN+ Will+ EV-5}
   (You found it on level 6 of the Dungeon)

   It is deafeningly noisy when blocking attacks.
   EV:        It affects your evasion (-5).
   rElec:     It insulates you from electricity.
   rN:        It protects you from negative energy.
   Will:      It increases your willpower.
Magical Staves
 k - a staff of air
Jewellery
 q - a ring of flight
 t - a ring of wizardry (left hand)
Scrolls
 d - a scroll of teleportation {unknown}
 e - a scroll of amnesia {unknown}
 h - a scroll of vulnerability {unknown}
 l - 2 scrolls of immolation {unknown}
 m - a scroll of acquirement {unknown}
 o - a scroll of silence {unknown}
 p - 2 scrolls of blinking {unknown}
 s - a scroll of fear {unknown}
 u - a scroll of enchant weapon {unknown}
 y - 3 scrolls of identify {unknown}
Potions
 f - 4 potions of curing
 n - 3 potions of cancellation
 v - a potion of invisibility {unknown}
 w - a potion of haste {unknown}
 A - a potion of heal wounds
 B - a potion of degeneration {unknown}
 D - a potion of lignification {unknown}


   Skills:
 - Level 2.9(3.8) Short Blades
 + Level 3.7(4.2) Long Blades
 - Level 1.7 Dodging
 - Level 5.2 Stealth
 + Level 2.4 Shields
 - Level 3.0 Spellcasting
 - Level 3.0 Transmutations
 * Level 9.7 Earth Magic


You had 7 spell levels left.
You knew the following spells:

 Your Spells              Type           Power      Damage    Failure   Level
a - Sandblast             Erth           70%        2d15      1%          1
b - Passwall              Tmut/Erth      20%        N/A       1%          2
c - Petrify               Tmut/Erth      24%        N/A       5%          4

Your spell library contained the following spells:

 Spells                   Type           Power      Damage    Failure   Level
 Stone Arrow              Conj/Erth      38%        3d9       2%          3
 Ozocubu's Armour         Ice            2%         N/A       21%         3
 Ozocubu's Refrigeration  Ice            1%         4d5       100%        7


Dungeon Overview and Level Annotations

Branches:
Dungeon (6/15)             Temple (0/1) D:5            Lair (0/6) D:8

Altars:
Dithmenos
Sif Muna
Wu Jian
Yredelemnul
Zin

Annotations:
D:5 Duvessa
D:6 Pikel


Innate Abilities, Weirdness & Mutations

You cannot be hasted, slowed, berserked, paralysed or teleported.
You can dig through walls and to a lower floor.
You have a pair of large antennae on your head. (SInv)
Your four strong arms can wield two-handed weapons with a shield.


Message History

The basilisk hisses angrily.
Found a bone wand.
Found a staircase to the Lair.
Unknown command.
An orc comes into view. It is wielding a +0 mace.
The iguana bites the plant!
The plant begins to die.
The centaur wields a +0 shortbow.
The centaur shoots an arrow.
The arrow closely misses you.
The yak gores something!!
The iguana bites the plant!
The basilisk gazes at you.
You are slowing down.
The wyvern bites the bush but does no damage.
The centaur shoots an arrow.
The arrow hits you.
* * * LOW HITPOINT WARNING * * *
You hear a shout!
Unknown command.
Unknown command.
Unknown command.
Unknown command.
Unknown command.
You hear a shout!
The yak gores the bush.
Something gores the plant!
The centaur shoots an arrow.
The arrow hits you.
* * * LOW HITPOINT WARNING * * *
The scorpion stings the plant.
The plant begins to die.
You hear a shout! x2
Your limbs are stiffening.
The centaur shoots an arrow.
The arrow hits you.
* * * LOW HITPOINT WARNING * * *
The centaur shoots an arrow.
The arrow barely misses you. The basilisk gazes at you.
Your limbs have turned to stone.
The yak gores the bush.
The orc hits you with a +0 mace.
An orc wizard comes into view. It is wielding a +2 dagger of draining.
You have turned to stone.
The centaur shoots an arrow.
The arrow hits you!
* * * LOW HITPOINT WARNING * * *
The water moccasin bites you but does no damage.
The yak snorts and paws the ground.
The water moccasin bites you.
You die...

##### ..o o# #o##
o##### ####@.#
{.....
.#P..S.##.{o...
#.....Y♣l.{.....
#.......lc.P.....
...P.l.♣s........
P......♣l....##.#
...l.P...YPP.♣ #
......PPP...P.#
P.PPP>..P....#


You could see 2 yaks, 2 basilisks, a water moccasin, 2 wyverns, a centaur, a
scorpion, an iguana, an orc wizard and an orc.

Vanquished Creatures
  Sigmund (D:3)
  A yak (D:5)
  An ice beast (D:6)
  An ogre (D:5)
  3 phantoms
  2 scorpions
  Dowan (D:5)
  A gnoll shaman (D:4)
  A jelly (D:6)
  5 hounds
  4 iguanas
  Natasha (thrice) (D:4)
  An orc wizard (D:5)
  A hound skeleton (D:4)
  A howler monkey zombie (D:5)
  Robin (D:4)
  A howler monkey skeleton (D:4)
  8 adders
  A shadow imp (D:5)
  An ufetubus (D:4)
  3 worms
  2 dart slugs
  9 orcs
  12 endoplasms
  6 giant cockroaches
  8 hobgoblins
  6 jackals
  9 kobolds
  3 quokkas (D:1)
  7 ball pythons
  7 bats
  3 frilled lizards (D:1)
  12 goblins
  8 rats
134 creatures vanquished.

Vanquished Creatures (others)
  3 plants (D:8)
3 creatures vanquished.

Grand Total: 137 creatures vanquished

Notes
Turn   | Place    | Note
-------+----------+-------------------------------------------
     0 | D:1      | solopath the Formicid Earth Elementalist began the quest
                  | for the Orb.
     0 | D:1      | Reached XP level 1. HP: 13/13 MP: 3/3
   177 | D:1      | Reached XP level 2. HP: 16/19 MP: 3/5
   184 | D:1      | Reached skill level 4 in Earth Magic
   350 | D:1      | Found a faded altar of an unknown god.
   543 | D:1      | Reached XP level 3. HP: 23/24 MP: 1/6
   593 | D:1      | Learned a level 2 spell: Passwall
  1374 | D:2      | Reached XP level 4. HP: 25/30 MP: 6/8
  1549 | D:2      | Learned a level 4 spell: Petrify
  1825 | D:2      | Reached skill level 1 in Short Blades
  2029 | D:2      | Reached skill level 5 in Earth Magic
  2412 | D:2      | Reached XP level 5. HP: 33/35 MP: 9/9
  2766 | D:3      | Noticed Sigmund
  3512 | D:3      | Killed Sigmund
  3513 | D:3      | Reached skill level 6 in Earth Magic
  3513 | D:3      | Reached XP level 6. HP: 39/41 MP: 6/10
  4252 | D:4      | Reached skill level 7 in Earth Magic
  4252 | D:4      | Reached XP level 7. HP: 21/46 MP: 7/11
  4272 | D:4      | Noticed Robin
  4281 | D:4      | Killed Robin
  4701 | D:4      | Noticed Natasha
  4704 | D:4      | Killed Natasha
  4715 | D:4      | Found a glowing silver altar of Zin.
  4934 | D:4      | Reached skill level 1 in Long Blades
  5304 | D:4      | Found a shadowy altar of Dithmenos.
  5307 | D:4      | Found a shimmering blue altar of Sif Muna.
  5321 | D:4      | Became a worshipper of Dithmenos the Shadowed
  5496 | D:4      | Noticed Natasha
  5506 | D:4      | Killed Natasha
  5636 | D:4      | Noticed Natasha
  5639 | D:4      | Killed Natasha
  5702 | D:5      | Entered Level 5 of the Dungeon
  5818 | D:5      | Reached XP level 8. HP: 52/52 MP: 12/12
  5903 | D:5      | Reached skill level 8 in Earth Magic
  6144 | D:5      | Found a staircase to the Ecumenical Temple.
  6586 | D:5      | Found a basalt altar of Yredelemnul.
  6607 | D:5      | Reached skill level 5 in Stealth
  6828 | D:5      | Found an ornate altar of the Wu Jian Council.
  6831 | D:5      | Noticed Dowan
  6831 | D:5      | Noticed Duvessa
  6850 | D:5      | HP: 2/52 [Duvessa (2)]
  6851 | D:5      | You fall into a shaft and drop 1 floor!
  6851 | D:6      | Found the +18 shield of the Gong {rElec rN+ Will+ EV-5}
  7006 | D:6      | Reached skill level 9 in Earth Magic
  7199 | D:6      | Noticed a yak
  7237 | D:6      | Reached * piety under Dithmenos
  7238 | D:6      | Reached skill level 1 in Shields
  7444 | D:6      | Noticed a yak
  7446 | D:6      | Noticed Pikel
  7484 | D:5      | Killed a yak
  7485 | D:5      | Reached XP level 9. HP: 13/57 MP: 1/13
  7844 | D:5      | Killed Dowan
  7847 | D:5      | You fall into a shaft and drop 3 floors!
  7847 | D:8      | Found a staircase to the Lair.
  7853 | D:8      | HP: 2/57 [centaur/arrow (5)]
  7853 | D:8      | Slain by a water moccasin

Illustrated notes

Levels and vault maps discovered:
D:1:      minmay_arrival_loop, layout_loops_ring,
          shapermc_ecumenical_altar_acropolis
D:2:      layout_loops_ring, st_stairs_1, minmay_curled_crystal,
          kennysheep_generic_room_6
D:3:      layout_basic, kennysheep_donut, kennysheep_big_empty_room,
          chequers_serial_rivers_micro_b, grunt_decor_cap, uniq_sigmund
D:4:      layout_basic, jmf_multi_god_temple, zin_statuary, serial_rivers,
          chequers_serial_rivers_micro_d, chequers_serial_rivers_micro_c,
          chequers_serial_rivers_large_a, chequers_serial_rivers_marsh,
          uniq_robin, uniq_natasha
D:5:      kb_forest_paths, layout_basic, overflow_temple_1_default,
          mainiacjoe_overflow_alcove_1, minmay_temple_entry_enclosed_plants,
          minmay_misc_feat_pillars, minmay_misc_feat_x, st_stairs_7,
          uniq_duvessa
D:6:      layout_cave_pools, old_standard_altar, patterned_corridor, uniq_pikel
D:8:      layout_rooms, mainiacjoe_overflow_alcove_2, minmay_lair_entry_grove,
          serial_shops, shop, minmay_sticks_and_stones

Skill      XL: |  1  2  3  4  5  6  7  8 |
---------------+-------------------------+-----
Earth Magic    | 4 5 6 7 9 |  9.7
Transmutations | 2 3 |  3.0
Short Blades   | 1 2 |  2.9
Spellcasting   | 3 |  3.0
Stealth        | 3 4 5 |  5.2
Long Blades    | 1 3 |  3.7
Shields        | 2 |  2.4
Dodging        | |  1.7

Action                   |  1- 3 |  4- 6 |  7- 9 || total
-------------------------+-------+-------+-------++-------
Melee: Short sword       |    77 |   148 |   154 ||   379
 Cast: Sandblast         |    24 |    14 |    65 ||   103
       Petrify           |       |     1 |     8 ||     9
 Abil: Dig               |       |       |     2 ||     2
       Shaft Self        |       |       |     2 ||     2
  Use: Potion            |       |       |     5 ||     5
 Stab: Sleeping          |     2 |     6 |    10 ||    18
       Distracted        |     1 |       |     1 ||     2
       Petrified         |       |     9 |     7 ||    16
       Petrifying        |       |       |     1 ||     1
Armor: Robe              |    18 |    23 |    26 ||    67
Dodge: Dodged            |    57 |    68 |    69 ||   194
